 Dungeon Crawl Stone Soup version 0.15-a0-1808-ge879653 (webtiles) character file.

147822 Impoz the Imperceptible (level 16, 0/86 HPs)
             Began as a Vampire Enchanter on June 30, 2014.
             Was the Champion of Dithmenos.
             Shot with an arrow of dispersal by a naga sharpshooter (17 damage)
             ... on Level 5 of the Snake Pit on July 1, 2014.
             The game lasted 04:24:42 (40121 turns).

Impoz the Imperceptible (Vampire Enchanter)        Turns: 40121, Time: 04:24:43

HP   0/86        AC 16     Str  9      XL: 16   Next: 92%
MP   2/33        EV 30     Int 17      God: Dithmenos [******]
Gold 1091        SH  0     Dex 19      Spells: 12 memorised,  1 level left

rFire  + . .     SeeInvis +     m - +1 dagger (vamp)
rCold  . . .     Clarity  .     j - +3 leather armour of Blue Skies {MR++ Str+2 SInv}
rNeg   + . .     rCorr    .     (no shield)
rPois  +         rRot     .     Q - +1 hat of Lies {rF+}
rElec  .         Spirit   .     D - +2 cloak {rPois}
SustAb .         Warding  .     o - +3 pair of gauntlets of War {Slay+5}
rMut   .         Stasis   .     e - +1 pair of boots
Gourm  .                        (no amulet)
MR     +++..                    p - +6 ring of evasion
                                c - ring of regeneration

@: wreathed by umbra, extremely resistant to hostile enchantments, uncannily
stealthy
A: bottle blood, fangs 3, see invisible, frail 1, unbreathing
a: Bat Form, Bottle Blood, Shadow Step, Shadow Form, Renounce Religion


You were on level 5 of the Snake Pit.
You worshipped Dithmenos.
Dithmenos was exalted by your worship.
You were not thirsty.

You visited 5 branches of the dungeon, and saw 32 of its levels.
You also visited: Sewer.

You collected 3436 gold pieces.
You spent 2345 gold pieces at shops.

Inventory:

Hand weapons
 l - a +8 quick blade of protection
 m - a +1 vampiric dagger (weapon)
Armour
 e - a +1 pair of boots (worn)
 j - the +3 leather armour of Blue Skies (worn) {MR++ Str+2 SInv}
   (You found it on level 5 of the Dungeon)

   It affects your strength (+2).
   It affects your resistance to hostile enchantments.
   It enhances your eyesight.
 o - the +3 pair of gauntlets of War (worn) {Slay+5}
   (You bought it in a shop on level 4 of the Orcish Mines)

   It affects your accuracy and damage with ranged weapons and melee attacks
   (+5).
 D - a +2 cloak of poison resistance (worn)
 L - the +6 scale mail of the Turtledove {+Inv SInv}
   (You found it on level 13 of the Dungeon)

   It enhances your eyesight.
   It lets you turn invisible.
 Q - the +1 hat of Lies (worn) {rF+}
   (You found it on level 10 of the Dungeon)

   It protects you from fire.
Magical devices
 q - a wand of cold (0)
 I - a wand of disintegration (17)
 X - a wand of disintegration (2)
 Y - a wand of cold (3)
Scrolls
 f - 11 scrolls of teleportation
 g - 12 scrolls of remove curse
 u - 5 scrolls of magic mapping
 O - 3 scrolls of identify
 R - 2 scrolls of blinking
Jewellery
 c - a ring of regeneration (left hand)
 d - an uncursed amulet of warding
 p - a +6 ring of evasion (right hand)
 s - an uncursed ring of teleportation
 w - an uncursed ring of magical power
 z - an uncursed amulet of guardian spirit
 B - an uncursed ring of flight
 C - an uncursed ring of protection from magic
 F - the amulet of Bryid {Gourm -Tele Stlth+}
   (You found it on level 7 of the Lair of Beasts)

   [amulet of the gourmand]

   It allows you to eat raw meat even when not hungry.
   It prevents most forms of teleportation.
   It makes you more stealthy.
 U - an uncursed ring of protection from cold
 V - an uncursed ring of protection from cold
Potions
 n - 9 potions of curing
 t - a potion of mutation {unknown}
 G - 5 potions of agility
Books
 a - a book of Transfigurations

   Spells                             Type                      Level
   Stoneskin                          Transmutation/Earth          2
   Ice Form                           Ice/Transmutation            4
   Statue Form                        Transmutation/Earth          6
   Dragon Form                        Transmutation                7
Magical staves
 P - an uncursed staff of cold
Miscellaneous
 h - a plain deck of defence
 r - a plain deck of changes
 K - a lantern of shadows
Rods
 b - a +1 rod of clouds (9/9)
   (You found it on level 8 of the Lair of Beasts)


   Skills:
 * Level 16.1 Short Blades
 * Level 15.2 Dodging
 * Level 21.5 Stealth
 * Level 10.1 Spellcasting
 - Level 10.5 Hexes
 * Level 8.9 Charms
 - Level 5.0 Translocations
 - Level 5.0 Air Magic
 - Level 5.0 Poison Magic


You had one spell level left.
You knew the following spells:

 Your Spells              Type           Power        Failure   Level  Hunger
a - Mephitic Cloud        Conj/Pois/Air  ###.....     10%         3    None
b - Ensorcelled Hibernat  Hex/Ice        ####..       1%          2    None
c - Sure Blade            Hex/Chrm       #####.....   1%          2    None
d - Dazzling Spray        Conj/Hex       ####....     3%          3    None
e - Cure Poison           Pois           ####......   1%          2    None
f - Flight                Chrm/Air       ####......   1%          3    None
g - Cause Fear            Hex            #####.....   1%          4    ###....
h - Repel Missiles        Chrm/Air       ####..       1%          2    None
i - Blink                 Tloc           N/A          1%          2    None
j - Shroud of Golubria    Chrm/Tloc      ####......   1%          2    None
k - Regeneration          Chrm/Necr      ###.......   4%          3    None
l - Haste                 Chrm           #####...     34%         6    ######.


Dungeon Overview and Level Annotations

Branches:
Dungeon (14/15)            Temple (1/1) D:5             Orc (4/4) D:10
    Elf (0/3) Orc:3          Lair (8/8) D:9          Shoals (0/5) Lair:5
  Snake (5/5) Lair:3        Slime (0/6) Lair:7       Vaults (0/5) D:14

Altars:
Ashenzari
Cheibriados
Dithmenos
Elyvilon
Fedhas
Gozag
Kikubaaqudgha
Makhleb
Nemelex Xobeh
Okawaru
Qazlal
Sif Muna
Trog
Vehumet
Xom
Yredelemnul
Zin
The Shining One
Beogh

Shops:
D:14 }   Orc:3 ?   Orc:4 %:[(   Snake:1 }   Snake:3 (

Annotations:
D:5 Econoterrorist's ghost, experienced NaTm
Lair:3 exclusion: oklob plant
Lair:8 exclusion: 2 doors


Innate Abilities, Weirdness & Mutations

You can bottle blood from corpses.
You have razor-sharp teeth.*
You have supernaturally acute eyesight.
You can survive without breathing.*
You are frail (-10% HP).


Message History

Drink which item? (? for menu, Esc to quit)
You feel better.
The guardian serpent coils itself and performs some mystic snake dance.
The naga sharpshooter blinks into view!
The naga sharpshooter mumbles some strange words.
Magically, the naga sharpshooter shoots an arrow of dispersal.
The arrow of dispersal closely misses you.
Casting: Ensorcelled Hibernation
Confirm with . or Enter, or press ? or * to list all spells.
Aiming: Ensorcelled Hibernation
Press: ? - help, Shift-Dir - straight line, f/p - guardian serpent
Aim: a guardian serpent (translocational energy, umbra)
The guardian serpent is unaffected.
* * * LOW MAGIC WARNING * * *
The guardian serpent casts a spell at you.
You resist with almost no effort.
The naga sharpshooter casts a spell.
Magically, the naga sharpshooter shoots an arrow of dispersal.
The arrow of dispersal hits you!
You die...

......#...# #...........##(##.#
......#...# ##...........#.##.#
#.....'...# #########....#.##.#
##....##''#####..).)......##'##..
######....##.N..).)....###...#..
#....#.§§§.########..[..'.#
#....#.§§S###...........#..
#....##§§SS.####........#..
##...###.%@....##.......#.. ##.##
##..N....#.......#.. #+#
####...##......##..
....###.....+.. .....##....#..
⌠... #..).#.. .. ##..##.. .
#.####. ##.###.


You could see a naga sharpshooter, an anaconda, a guardian serpent and a water
moccasin.

Vanquished Creatures
  Saint Roka (Orc:4)
  A greater naga (Snake:5)
  Maud (Lair:4)
  Gastronok (Orc:2)
  Jorgrun (Snake:5)
  2 vault guards (D:14)
  Fannar (Lair:1)
  2 hydras
  5 naga warriors
  18 anacondas
  Erica (D:10)
  4 death yaks
  2 orc high priests (Orc:4)
  13 naga sharpshooters
  4 shock serpents
  Nergalle (Lair:1)
  A centaur warrior (D:13)
  3 skeletal warriors (D:14)
  An unseen horror (D:13)
  A catoblepas (Lair:6)
  3 salamander mystics
  2 sea snakes (Snake:2)
  4 orc knights
  2 hill giants
  3 naga ritualists
  A necromancer (D:14)
  2 wizards
  A wolf spider zombie (D:14)
  An orc sorcerer (Orc:4)
  A griffon (D:14)
  3 mana vipers
  3 oklob plants (Lair:3)
  A cyclops (D:13)
  11 salamanders
  Maurice (D:8)
  9 elephants
  3 feature mimics
  36 black mambas
  8 guardian serpents
  18 naga magi
  A gargoyle (D:14)
  A yaktaur (D:14)
  8 spiny frogs
  2 centaur zombies (D:13)
  6 fire drakes
  2 efreet (D:14)
  7 komodo dragons
  Grinder (D:3)
  25 blink frogs
  2 trolls (Orc:3)
  3 polar bears
  15 slime creatures
  A two-headed ogre (D:12)
  2 boulder beetles (Lair:6)
  A griffon zombie (D:11)
  A basilisk (Lair:4)
  2 hill giant zombies (D:8)
  16 ugly things
  20 humans (D:14)
  A wyvern (D:14)
  7 deep elf magi
  A trapdoor spider (D:14)
  10 deep elf fighters (D:14)
  41 yaks
  7 hippogriffs
  49 nagas
  4 hungry ghosts
  32 wolves
  Edmund (D:4)
  4 wargs (Orc:4)
  A soldier ant (D:11)
  32 water moccasins
  A tengu skeleton (D:11)
  The ghost of Sar the Stinger, an average NaWz of Trog (D:3)
  A yellow wasp (D:14)
  3 phantoms
  3 sky beasts
  A swamp drake (D:10)
  4 black bears
  10 porcupines
  2 ice beasts
  38 orc warriors
  13 ogres
  An orc skeleton (D:13)
  18 centaurs
  6 big kobolds
  19 giant frogs
  15 crocodiles
  Blork the orc (D:6)
  A gnoll sergeant (D:5)
  A wyvern zombie (D:8)
  A cyclops zombie (D:14)
  7 scorpions
  6 killer bees (D:12)
  A cyclops skeleton (D:12)
  5 eyes of draining
  A troll zombie (D:11)
  18 wights
  A yak skeleton (D:10)
  10 crimson imps
  5 goliath beetles
  4 electric eels
  9 jellies
  An iron imp (D:10)
  12 hounds
  36 orc wizards
  An elf zombie (D:10)
  29 orc priests
  2 gnoll shamans (D:3)
  6 iguanas
  Natasha (twice) (D:3)
  7 worker ants
  A killer bee zombie (D:10)
  11 sheep
  Jessica (D:2)
  An ogre skeleton (D:7)
  A mummy (D:6)
  28 adders
  43 gnolls
  39 green rats
  A scorpion zombie (D:8)
  3 shadow imps
  A white imp (D:10)
  3 giant mites
  2 inept item mimics (D:4)
  5 worms
  An adder skeleton (D:5)
  8 giant geckos
  4 oozes
  219 orcs
  11 bats
  A bat skeleton (D:6)
  18 hobgoblins
  22 quokkas
  6 ball pythons
  6 giant cockroaches
  3 giant newts
  A giant newt skeleton (D:4)
  26 goblins
  A goblin skeleton (D:4)
  27 jackals
  45 kobolds
  2 orc zombies (D:10)
  18 rats
  A rat skeleton (D:4)
  3 plants (Lair:3)
1349 creatures vanquished.

Vanquished Creatures (others)
  A scorpion (Lair:6)
  2 orc wizards (D:10)
  An orc (D:10)
  7 fungi
  8 plants
19 creatures vanquished.

Grand Total: 1368 creatures vanquished

Notes
Turn   | Place    | Note
--------------------------------------------------------------
     0 | D:1      | Impoz, the Vampire Enchanter, began the quest for the Orb.
     0 | D:1      | Reached XP level 1. HP: 13/13 MP: 3/3
   383 | D:1      | Reached XP level 2. HP: 10/19 MP: 4/4
   451 | D:1      | Learned a level 2 spell: Ensorcelled Hibernation
   454 | D:1      | Learned a level 2 spell: Sure Blade
   899 | D:2      | Reached skill level 5 in Stealth
   899 | D:2      | Reached XP level 3. HP: 24/24 MP: 0/6
  1062 | D:2      | Reached skill level 5 in Hexes
  1152 | D:2      | Found an opulent altar of Gozag.
  1507 | D:2      | Noticed Jessica
  1544 | D:2      | Killed Jessica
  1544 | D:2      | Reached XP level 4. HP: 25/30 MP: 0/7
  1710 | D:3      | Noticed Sar's ghost (average NaWz)
  1790 | D:3      | Noticed a giant frog
  1799 | D:3      | Killed a giant frog
  1799 | D:3      | Reached skill level 6 in Stealth
  1799 | D:3      | Reached XP level 5. HP: 35/35 MP: 0/9
  1836 | D:3      | Noticed Grinder
  1972 | D:2      | Found a burning altar of Makhleb.
  2264 | D:4      | Learned a level 3 spell: Dazzling Spray
  2267 | D:4      | Learned a level 2 spell: Cure Poison
  2451 | D:4      | Noticed Edmund
  2478 | D:4      | Reached XP level 6. HP: 41/41 MP: 0/13
  2502 | D:4      | Found a glowing drain.
  2511 | Sewer    | Entered a sewer
  2550 | Sewer    | Reached skill level 7 in Stealth
  3352 | D:4      | Killed Edmund
  3352 | D:4      | Reached skill level 5 in Short Blades
  3352 | D:4      | Reached skill level 8 in Stealth
  3352 | D:4      | Reached XP level 7. HP: 46/46 MP: 10/17
  3508 | D:4      | Noticed an ogre
  3519 | D:4      | Killed an ogre
  4017 | D:3      | Noticed Natasha
  4018 | D:3      | Paralysed by Grinder for 3 turns
  4391 | D:3      | Killed Sar's ghost
  4573 | D:3      | Reached skill level 9 in Stealth
  4725 | D:3      | Killed Natasha
  5084 | D:3      | Noticed Natasha
  5090 | D:3      | Killed Natasha
  5177 | D:3      | Reached XP level 8. HP: 52/52 MP: 12/19
  5179 | D:3      | Noticed an ogre
  5189 | D:3      | Killed an ogre
  5189 | D:3      | Reached skill level 5 in Spellcasting
  5507 | D:3      | Reached skill level 10 in Stealth
  5630 | D:3      | Killed Grinder
  5811 | D:5      | Entered Level 5 of the Dungeon
  5890 | D:5      | Found a staircase to the Ecumenical Temple.
  5896 | Temple   | Entered the Ecumenical Temple
  6071 | Temple   | Became a worshipper of Dithmenos the Shadowed
  6155 | D:5      | Noticed Econoterrorist's ghost (experienced NaTm)
  6965 | D:5      | Found a glowing golden altar of the Shining One.
  6968 | D:5      | Found a stormy altar of Qazlal.
  6971 | D:5      | Found a shimmering altar of Xom.
  7038 | D:5      | Reached skill level 11 in Stealth
  7092 | D:5      | Got a bloodstained leather armour
  7099 | D:5      | Identified the +3 leather armour of Blue Skies {MR++ Str+2 SInv} (You found it on level 5 of the Dungeon)
  7130 | D:6      | Reached XP level 9. HP: 57/57 MP: 13/22
  7455 | D:6      | Found an iron altar of Okawaru.
  7814 | D:6      | Noticed Blork the orc
  7881 | D:6      | Killed Blork the orc
  8008 | D:6      | Reached skill level 1 in Poison Magic
  8902 | D:8      | Reached skill level 5 in Dodging
  9016 | D:8      | Acquired Dithmenos' first power
  9638 | D:8      | Noticed Maurice
  9642 | D:8      | Killed Maurice
  9642 | D:8      | Reached skill level 12 in Stealth
  9696 | D:8      | Reached XP level 10. HP: 63/63 MP: 8/23
 10202 | D:7      | Learned a level 3 spell: Mephitic Cloud
 10206 | D:7      | Learned a level 3 spell: Flight
 10211 | D:7      | Learned a level 4 spell: Cause Fear
 11150 | D:9      | Acquired Dithmenos' second power
 11206 | D:9      | Found a flagged portal.
 11337 | D:9      | Found a staircase to the Lair.
 11666 | D:9      | Reached skill level 13 in Stealth
 11794 | D:10     | Entered Level 10 of the Dungeon
 12015 | D:10     | Noticed an orc knight
 12387 | D:11     | Got a crude war axe
 12389 | D:11     | Identified the +0 war axe "Inoula" {elec, rF+ Int+4} (You found it on level 11 of the Dungeon)
 12898 | D:10     | Reached skill level 5 in Poison Magic
 13121 | D:10     | Acquired Dithmenos' third power
 13389 | D:10     | Found a roughly hewn altar of Beogh.
 13389 | D:10     | Found a staircase to the Orcish Mines.
 13410 | D:10     | Killed an orc knight
 13410 | D:10     | Reached skill level 1 in Air Magic
 13412 | D:10     | Reached XP level 11. HP: 68/68 MP: 14/25
 13559 | D:10     | Noticed Erica
 13732 | D:10     | Killed Erica
 13773 | D:10     | Noticed a hill giant
 13794 | D:10     | Killed a hill giant
 13794 | D:10     | Reached skill level 10 in Short Blades
 14371 | D:10     | Learned a level 2 spell: Repel Missiles
 14379 | D:10     | Got a distressingly furry hat
 14458 | D:10     | Identified a scroll of acquirement
 14470 | D:10     | Identified the +1 hat of Lies {rF+} (You found it on level 10 of the Dungeon)
 14605 | D:10     | Reached skill level 14 in Stealth
 14926 | D:11     | Acquired Dithmenos' fourth power
 15302 | Lair:1   | Entered Level 1 of the Lair of Beasts
 15303 | Lair:1   | Noticed Nergalle
 16109 | Lair:1   | Reached skill level 15 in Stealth
 16483 | Lair:1   | Reached XP level 12. HP: 71/74 MP: 23/25
 17269 | Lair:2   | Reached skill level 10 in Dodging
 17574 | Lair:3   | Learned a level 2 spell: Blink
 17586 | Lair:3   | Found a staircase to the Snake Pit.
 18102 | Lair:3   | Reached skill level 10 in Hexes
 18142 | Lair:3   | Reached skill level 16 in Stealth
 19300 | Lair:3   | Reached skill level 5 in Air Magic
 19892 | Lair:1   | Noticed Fannar
 19923 | Lair:1   | Killed Fannar
 19923 | Lair:1   | Reached XP level 13. HP: 79/79 MP: 15/26
 20029 | Lair:1   | Killed Nergalle
 20029 | Lair:1   | Reached skill level 1 in Translocations
 20847 | Lair:4   | Noticed Maud
 21085 | Lair:4   | Killed Maud
 21085 | Lair:4   | Reached skill level 17 in Stealth
 21552 | Lair:5   | Found an ancient bone altar of Kikubaaqudgha.
 21749 | Lair:5   | Found a staircase to the Shoals.
 22890 | Lair:6   | Found a hole to the Spider Nest.
 23206 | Lair:6   | the hole to the Spider Nest was a mimic.
 23389 | Lair:7   | Found a staircase to the Slime Pits.
 24292 | Lair:7   | Got a vibrating lead amulet
 24293 | Lair:7   | Identified the amulet of Bryid {Gourm -Tele Stlth+} (You found it on level 7 of the Lair of Beasts)
 25270 | Lair:8   | Entered Level 8 of the Lair of Beasts
 25364 | Lair:8   | Reached XP level 14. HP: 85/85 MP: 17/27
 25452 | Lair:8   | Reached skill level 18 in Stealth
 25827 | Lair:8   | Reached skill level 5 in Translocations
 26317 | Lair:8   | Found a burning altar of Makhleb.
 26715 | Orc:1    | Entered Level 1 of the Orcish Mines
 27129 | Orc:2    | Noticed Gastronok
 27470 | Orc:2    | Killed Gastronok
 27797 | Orc:1    | Found Elaumios' Antique Weapon Boutique.
 27810 | Orc:1    | Elaumios' Antique Weapon Boutique was a mimic.
 28139 | Orc:3    | Found a staircase to the Elven Halls.
 28186 | Orc:3    | Found Throff's Magic Scroll Boutique.
 28218 | Orc:3    | Found a roughly hewn altar of Beogh.
 28248 | Orc:3    | Bought a scroll of enchant weapon for 97 gold pieces
 28248 | Orc:3    | Bought a scroll of identify for 26 gold pieces
 28689 | Orc:4    | Entered Level 4 of the Orcish Mines
 29109 | Orc:4    | Found a roughly hewn altar of Beogh.
 29257 | Orc:4    | Found a roughly hewn altar of Beogh.
 29260 | Orc:4    | Found Grarph's Food Shoppe.
 29372 | Orc:4    | Found a roughly hewn altar of Beogh.
 29433 | Orc:4    | Found a roughly hewn altar of Beogh.
 29596 | Orc:4    | Found a bloodstained altar of Trog.
 29783 | Orc:4    | Noticed Saint Roka
 29972 | Orc:4    | Killed Saint Roka
 29972 | Orc:4    | Reached skill level 19 in Stealth
 29981 | Orc:4    | Gained mutation: You are frail (-10% HP). [a neqoxec]
 30020 | Orc:4    | Found a roughly hewn altar of Beogh.
 30023 | Orc:4    | Found Crogitobro's Antique Armour Shoppe.
 30024 | Orc:4    | Found Grosoy's Antique Weapon Emporium.
 30049 | Orc:4    | Bought the +3 pair of gauntlets of War {Slay+5} for 1662 gold pieces
 30174 | Orc:4    | Found a roughly hewn altar of Beogh.
 30175 | Orc:4    | Found Uteitwe's Book Emporium.
 30199 | Orc:4    | Bought a book of Battle for 560 gold pieces
 30203 | Orc:4    | Learned a level 2 spell: Shroud of Golubria
 30855 | D:12     | Reached skill level 1 in Charms
 31625 | D:13     | Reached XP level 15. HP: 81/81 MP: 26/30
 31746 | D:13     | Got a faintly humming scale mail
 31757 | D:13     | Identified the +6 scale mail of the Turtledove {+Inv SInv} (You found it on level 13 of the Dungeon)
 32105 | D:14     | Got an ancient scale mail
 32116 | D:14     | Identified the +1 scale mail of Articulation {Dex+2 Int+2} (You found it on level 14 of the Dungeon)
 32863 | D:14     | Found a gate to the Vaults.
 32915 | D:14     | Found Grouplei's Gadget Boutique.
 32918 | D:14     | Found a bloodstained altar of Trog.
 33841 | Lair:3   | Reached skill level 5 in Charms
 34146 | Snake:1  | Entered Level 1 of the Snake Pit
 34156 | Snake:1  | Reached skill level 15 in Short Blades
 34446 | Snake:1  | Found Twuag's Gadget Boutique.
 34512 | Snake:1  | Reached skill level 20 in Stealth
 35679 | Snake:2  | Reached XP level 16. HP: 64/86 MP: 23/32
 35924 | Snake:3  | Found Buyv's Weapon Shoppe.
 36990 | Snake:4  | HP: 3/86 [naga warrior/spear (6)]
 37014 | Snake:4  | Found a radiant altar of Vehumet.
 37529 | Snake:4  | Reached skill level 21 in Stealth
 37811 | Snake:5  | Entered Level 5 of the Snake Pit
 38087 | Snake:5  | Reached skill level 15 in Dodging
 38673 | Lair:2   | Learned a level 3 spell: Regeneration
 38680 | Lair:2   | Learned a level 6 spell: Haste
 38680 | Lair:2   | Upgraded the game from 0.15-a0-1798-g4683f23 to 0.15-a0-1808-ge879653
 39802 | Snake:5  | Noticed Jorgrun
 39806 | Snake:5  | Reached skill level 10 in Spellcasting
 39813 | Snake:5  | Killed Jorgrun
 40121 | Snake:5  | Shot with an arrow of dispersal by a naga sharpshooter

Action                   |  1- 3 |  4- 6 |  7- 9 | 10-12 | 13-15 | 16-18 || total
-------------------------+-------+-------+-------+-------+-------+-------++-------
Melee: Dagger            |   198 |   222 |   829 |  1499 |     5 |   164 ||  2917
       Quick blade       |       |       |       |   215 |  1813 |   290 ||  2318
 Cast: Ensorcelled Hiber |    12 |    55 |   226 |   343 |   338 |   186 ||  1160
       Sure Blade        |     1 |     2 |     5 |     1 |     1 |       ||    10
       Dazzling Spray    |       |       |       |     6 |       |       ||     6
       Mephitic Cloud    |       |       |       |    27 |    89 |     1 ||   117
       Repel Missiles    |       |       |       |     1 |     2 |       ||     3
       Shroud of Golubri |       |       |       |       |     3 |       ||     3
Invok: Shadow Step       |       |       |       |     1 |       |       ||     1
Evoke: Wand              |       |       |     1 |     1 |    16 |       ||    18
  Use: Scroll            |       |     3 |    15 |    15 |    20 |     2 ||    55
       Potion            |       |       |     5 |     5 |     4 |    11 ||    25
 Stab: Sleeping          |     9 |    31 |   119 |   158 |   285 |    86 ||   688
       Confused          |       |       |       |    27 |    93 |       ||   120
       Distracted        |       |       |       |     5 |    19 |     2 ||    26
